 Dungeon Crawl Stone Soup version 0.31-a0-234-gad7ace16ef (webtiles) character file.

Game seed: 6043017845493903187

47 qw the Shooter (level 3, 0/21 HPs)
             Began as a Gargoyle Hexslinger on July 9, 2023.
             Slain by an orc wizard
             ... wielding a +0 dagger
              (1 damage)
             ... on level 3 of the Dungeon.
             The game lasted 00:00:36 (1118 turns).

qw the Shooter (Gargoyle Hexslinger)                Turns: 1118, Time: 00:00:36

Health: 0/21       AC: 11    Str: 11    XL:     3   Next: 70%
Magic:  4/4        EV: 10    Int: 13    God:
Gold:   140        SH:  0    Dex: 14    Spells: 3/4 levels left

rFire   . . .        Y - +1 sling
rCold   . . .        (no shield)
rNeg    + . .        e - +0 ring mail
rPois   inf          (no helmet)
rElec   +            (no cloak)
rCorr   .            j - +1 pair of gloves
SInv    .            g - +0 pair of boots
Will    .....        (no amulet)
Stlth   +            (no ring)
HPRegen 0.23/turn    (no ring)
MPRegen 0.09/turn

%: no passive effects
@: no status effects
A: sickness immunity, AC +3, negative energy resistance 1, electricity
resistance, torment resistance 1, petrification resistance
a: no special abilities


You were on level 3 of the Dungeon.
You visited 1 branch of the dungeon, and saw 3 of its levels.

You collected 140 gold pieces.


Innate Abilities, Weirdness & Mutations

You are immune to sickness and miasma.
Your stone body is resilient. (AC +3)
You are immune to poison.
You resist negative energy. (rN+)
You are resistant to electric shocks. (rElec)
You are resistant to unholy torment.
You are immune to petrification.


   Skills:
 - Level 2.0 Fighting
 + Level 3.3 Ranged Weapons
 - Level 1.0 Armour
 - Level 1.5 Dodging
 - Level 1.0 Spellcasting
 - Level 2.6 Hexes


You had 3 spell levels left.
You knew the following spells:

 Your Spells              Type           Power      Damage    Failure   Level
a - Slow                  Hex            28%        N/A       22%         1

Your spell library contained the following spells:

 Spells                   Type           Power      Damage    Failure   Level
 Inner Flame              Hex/Fire       4%         N/A       75%         3
 Portal Projectile        Hex/Tloc       8%         N/A       75%         3
 Cause Fear               Hex            3%         N/A       91%         4

Inventory:

Hand Weapons
 Y - a +1 sling (weapon)
Armour
 b - a +0 cloak
 e - a +0 ring mail (worn)
 g - a +0 pair of boots (worn)
 j - a +1 pair of gloves (worn)
Jewellery
 a - a ring of ice
 c - a ring of willpower
Scrolls
 n - a scroll of identify
Potions
 d - a potion of curing {unknown}
 f - a potion of brilliance {unknown}
 i - a potion of berserk rage {unknown}
 k - a potion of might {unknown}
 m - a potion of mutation {unknown}

Dungeon Overview and Level Annotations

Branches:
Dungeon (3/15)

Altars:
Xom


Message History

The orc closely misses you. The orc wizard closely misses you.
Something hits you but does no damage.
The orc wizard hits you but does no damage.
The orc closely misses you. Something hits you but does no damage.
The orc wizard hits you but does no damage.
The orc hits you but does no damage.
You hear some strange, mumbled words.
A magic dart appears from out of thin air!
The magic dart hits you.
1113 ||| DRINKING potion of heal wounds.
You feel much better.
The orc wizard hits you but does no damage.
The orc hits you with a +0 flail! Something hits you but does no damage.
You feel less confused. The orc closely misses you.
The orc wizard points at you and mumbles some strange words.
The magic dart hits you.
You hear some strange, mumbled words.
A puff of flame appears from out of thin air!
The puff of flame hits you.
You shoot a sling bullet.
The sling bullet closely misses the orc wizard.
The orc wizard hits you but does no damage.
The orc hits you with a +0 flail!
Something hits you but does no damage. x2
The orc wizard barely misses you. The orc closely misses you.
You shoot a sling bullet.
The sling bullet hits the orc wizard but does no damage.
The orc wizard is moderately wounded.
The orc wizard hits you but does no damage.
The orc hits you with a +0 flail. Something hits you.
You shoot a sling bullet. The sling bullet hits the orc wizard.
The orc wizard is heavily wounded.
The orc hits you but does no damage.
The orc wizard hits you but does no damage.
Something completely misses you.
You shoot a sling bullet.
The sling bullet barely misses the orc wizard.
The orc wizard hits you but does no damage.
The orc closely misses you. Something hits you.
You die...

..# #.# #.# #.# #.#
#.# ###.#######.#
######...........#
............)# #># #
#####........###.#.##
................@{..#
##.##...........oo..#
## ##.......#####...#
# #........# %..# #
#..#.###.# .#.# #
#..#.# #.# .#.# .
....#.# #.# .# .
##.#.##.# #.. .# #.
#... #.# #


You could see an orc wizard and an orc.

Vanquished Creatures
  2 adders
  A worm (D:2)
  3 bats
  3 endoplasms
  4 goblins
  2 hobgoblins
  2 jackals (D:2)
  A quokka (D:2)
  2 ball pythons
  3 kobolds
  2 rats (D:2)
25 creatures vanquished.

Notes
Turn   | Place    | Note
-------+----------+-------------------------------------------
     0 | D:1      | qw the Gargoyle Hexslinger began the quest for the Orb.
     0 | D:1      | Reached XP level 1. HP: 12/12 MP: 2/2
     0 | D:1      | 0 ||| qw: Version: 0.3-a-51-g015441d
     0 | D:1      | 0 ||| qw: Game counter: 4354
     0 | D:1      | 0 ||| qw: Melee chars always use a shield: true
     0 | D:1      | 0 ||| qw: God list: Okawaru
     0 | D:1      | 0 ||| qw: Allow faded altars: false
     0 | D:1      | 0 ||| qw: Do Orc after clearing Dungeon:15 true
     0 | D:1      | 0 ||| qw: Do second Lair branch before Depths: true
     0 | D:1      | 0 ||| qw: Lair rune preference: random
     0 | D:1      | 0 ||| qw: Goals: Normal
     0 | D:1      | 0 ||| PLANNING D:1-11
   151 | D:1      | Reached XP level 2. HP: 16/16 MP: 3/3
   389 | D:1      | 389 ||| UPGRADING to +0 ring mail.
   399 | D:1      | 399 ||| DROPPING +0 robe.
   400 | D:1      | 400 ||| UPGRADING to +0 pair of gloves.
   405 | D:1      | 405 ||| DROPPING +6 ring of intelligence.
   406 | D:1      | 406 ||| READING 2 scrolls labelled REFEKO RUUNIE.
   407 | D:1      | 407 ||| READING scroll of enchant armour.
   407 | D:1      | 407 ||| ENCHANTING +0 pair of gloves.
   408 | D:1      | 408 ||| READING scroll labelled BEPYMNUVUWN.
   409 | D:1      | 409 ||| READING 2 scrolls labelled RIT BEUNKUTUR.
   410 | D:1      | 410 ||| DROPPING scroll of poison.
   467 | D:2      | Reached skill level 3 in Ranged Weapons
   564 | D:2      | Reached XP level 3. HP: 21/21 MP: 4/4
   891 | D:2      | Reached skill level 1 in Armour
   936 | D:2      | Found a shimmering altar of Xom.
  1029 | D:2      | 1029 ||| UPGRADING to +0 pair of boots.
  1034 | D:2      | 1034 ||| READING scroll labelled OLUOTOAL QOAN.
  1037 | D:2      | 1037 ||| READING scroll labelled LOMPEONAAM.
  1038 | D:2      | 1038 ||| DRINKING 2 clear potions.
  1039 | D:2      | 1039 ||| READING 2 scrolls of identify.
  1039 | D:2      | 1039 ||| IDENTIFYING grey potion
  1040 | D:2      | 1040 ||| DROPPING potion of lignification.
  1106 | D:3      | HP: 3/21 [something (3)]
  1107 | D:3      | 1107 ||| DRINKING 2 potions of heal wounds.
  1112 | D:3      | HP: 1/21 [something/magic dart (5)]
  1113 | D:3      | 1113 ||| DRINKING potion of heal wounds.
  1118 | D:3      | Slain by an orc wizard

Levels and vault maps discovered:
D:1:      amcnicky_arrival_flooded_fountain, layout_rooms
D:2:      layout_rooms, basic_altar
D:3:      layout_loops_ring, ashenzari_altar_1

Skill      XL: |  1  2  3 |
---------------+----------+-----
Ranged Weapons | 3 |  3.3
Fighting       | 2 |  2.0
Armour         | 1 |  1.0
Dodging        | |  1.5
Spellcasting   | |  1.0
Hexes          | |  2.6

Action                     || total
---------------------------++-------
   Fire: Sling             ||   119
    Use: Scroll            ||     7
         Potion            ||     3
 Armour: Robe              ||     3
         Ring mail         ||    55
  Dodge: Dodged            ||    52

Table legend:
 A = Non-vault XP
 B = Vault XP
 C = Vault XP percentage of total XP
 D = Non-vault monster count
 E = Vault monster count
 F = Vault count percentage of total count
                 A         B        C        D         E       F
            +---------+---------+-------+---------+---------+-------
      Total |      68 |       0 |   0.0 |      25 |       0 |   0.0
            +---------+---------+-------+---------+---------+-------
        D:1 |      14 |       0 |   0.0 |       8 |       0 |   0.0
        D:2 |      38 |       0 |   0.0 |      14 |       0 |   0.0
        D:3 |      16 |       0 |   0.0 |       3 |       0 |   0.0
            +---------+---------+-------+---------+---------+-------
